[ AOE2 MATCH · #493704157 ]
UnrankedBengalis vs Maya
Player's team · WIN
Rival team · LOSS
[ REPLAY ANALYSIS · EXTRACTED FROM THE RECORDED GAME ]
Feudal
13:19
Castle
17:15
Imperial
—
| APM avg | 32.0 |
| APM peak | 76 |
| eAPM avg | 13.1 |
| Villagers / military | 74 / 1 |
Focus
⚔️ 19.9% · 🌾 80.1%
Fishing Ship ×11 · Unknown (2626) ×4 · Mangonel ×1
Feudal
13:32
Castle
17:10
Imperial
—
| APM avg | 23.6 |
| APM peak | 40 |
| eAPM avg | 12.3 |
| Villagers / military | 58 / 25 |
Focus
⚔️ 32.5% · 🌾 67.5%
Plumed Archer ×18 · Fishing Ship ×6 · Mangonel ×5 · Battering Ram ×2
Match map
Initial resources + every placement click. Lines = walls · curves = elevation contours. ◆ gold · ⬟ stone · ● berries · ✦ relic · ◌ wall gap
Your base· Open — 10t gap
ShawnM's base· Open — 3t gap
Smoothed initial terrain · ◌ = detected wall gap · hover for details
Inputs per minute
— TdB. OJETE EL BONDADOSO - - ShawnM
Build order — TdB. OJETE EL BONDADOSO
First 150 of 161 actions detected
| 0:19 | Build | Dock |
| 0:23 | Build | House |
| 0:54 | Build | Town Center |
| 1:18 | Build | Palisade Wall |
| 3:00 | Create | Villager (Male) |
| 3:00 | Create | Villager (Male) |
| 3:00 | Create | Villager (Male) |
| 3:01 | Create | Villager (Male) |
| 3:01 | Create | Villager (Male) |
| 3:41 | Create | Villager (Male) |
| 4:01 | Create | Fishing Ship |
| 4:58 | Create | Villager (Male) |
| 5:13 | Build | House |
| 5:21 | Research | Loom |
| 5:25 | Create | Villager (Male) |
| 5:37 | Create | Fishing Ship |
| 6:25 | Create | Villager (Male) |
| 6:26 | Create | Fishing Ship |
| 6:36 | Create | Villager (Male) |
| 6:45 | Build | House |
| 7:09 | Create | Villager (Male) |
| 7:09 | Create | Villager (Male) |
| 7:11 | Create | Fishing Ship |
| 7:32 | Build | House |
| 7:37 | Create | Villager (Male) |
| 7:55 | Create | Villager (Male) |
| 7:56 | Create | Villager (Male) |
| 8:03 | Create | Fishing Ship |
| 8:42 | Build | Mill |
| 8:45 | Create | Villager (Male) |
| 8:55 | Create | Fishing Ship |
| 8:57 | Create | Villager (Male) |
| 9:17 | Build | House |
| 9:38 | Create | Villager (Male) |
| 10:06 | Create | Villager (Male) |
| 10:06 | Create | Villager (Male) |
| 10:17 | Build | Dock |
| 10:20 | Build | House |
| 11:09 | Research | Feudal Age |
| 12:25 | Build | House |
| 13:05 | Create | Villager (Male) |
| 13:05 | Create | Villager (Male) |
| 13:19 | Age | Feudal Age |
| 13:20 | Build | Blacksmith |
| 13:29 | Build | Market |
| 14:03 | Research | Town Watch |
| 14:13 | Create | Unit 2626 |
| 14:18 | Create | Unit 2626 |
| 14:35 | Research | Castle Age |
| 15:40 | Create | Villager (Male) |
| 15:57 | Build | Lumber Camp |
| 16:30 | Research | Double-Bit Axe |
| 16:42 | Build | House |
| 16:43 | Build | Palisade Wall |
| 16:45 | Build | Palisade Wall |
| 16:50 | Build | Palisade Wall |
| 17:06 | Research | Tech 906 |
| 17:13 | Build | Dock |
| 17:15 | Age | Castle Age |
| 17:31 | Build | Town Center |
| 17:45 | Create | Villager (Male) |
| 17:51 | Create | Villager (Male) |
| 18:15 | Create | Villager (Male) |
| 18:23 | Research | Bow Saw |
| 18:42 | Research | Wheelbarrow |
| 18:43 | Create | Villager (Male) |
| 18:44 | Create | Villager (Male) |
| 18:51 | Build | Outpost |
| 18:57 | Build | Outpost |
| 18:59 | Build | Outpost |
| 19:05 | Create | Villager (Male) |
| 19:05 | Create | Villager (Male) |
| 19:24 | Research | Gillnets |
| 19:26 | Create | Fishing Ship |
| 19:27 | Create | Fishing Ship |
| 19:28 | Create | Villager (Male) |
| 19:28 | Create | Villager (Male) |
| 20:00 | Create | Villager (Male) |
| 20:00 | Create | Villager (Male) |
| 20:11 | Research | Horse Collar |
| 20:16 | Build | Mining Camp |
| 20:18 | Create | Villager (Male) |
| 20:23 | Build | Farm |
| 20:23 | Build | Farm |
| 20:24 | Build | Farm |
| 20:28 | Create | Fishing Ship |
| 20:39 | Create | Fishing Ship |
| 20:46 | Create | Fishing Ship |
| 20:53 | Build | House |
| 20:54 | Build | House |
| 20:55 | Build | House |
| 21:04 | Create | Villager (Male) |
| 21:13 | Research | Fletching |
| 21:49 | Build | University |
| 22:05 | Create | Villager (Male) |
| 22:05 | Create | Villager (Male) |
| 22:06 | Create | Villager (Male) |
| 22:19 | Build | House |
| 22:42 | Build | Siege Workshop |
| 22:46 | Research | Ballistics |
| 22:48 | Research | Bodkin Arrow |
| 22:49 | Create | Villager (Male) |
| 22:56 | Create | Villager (Male) |
| 22:56 | Create | Villager (Male) |
| 22:58 | Create | Villager (Male) |
| 23:09 | Build | Watch Tower |
| 23:17 | Build | Watch Tower |
| 23:42 | Create | Mangonel |
| 23:51 | Create | Villager (Male) |
| 24:14 | Create | Villager (Male) |
| 24:14 | Create | Villager (Male) |
| 25:06 | Create | Villager (Male) |
| 25:06 | Create | Villager (Male) |
| 25:15 | Build | Watch Tower |
| 25:36 | Create | Villager (Male) |
| 25:36 | Create | Villager (Male) |
| 25:37 | Create | Villager (Male) |
| 25:38 | Create | Villager (Male) |
| 26:05 | Build | Watch Tower |
| 26:12 | Create | Villager (Male) |
| 26:22 | Research | Guard Tower (upgrade) |
| 26:23 | Create | Villager (Male) |
| 27:19 | Create | Villager (Male) |
| 27:19 | Create | Villager (Male) |
| 27:20 | Create | Villager (Male) |
| 27:26 | Create | Villager (Male) |
| 27:28 | Create | Villager (Male) |
| 27:35 | Build | Watch Tower |
| 27:47 | Build | House |
| 27:48 | Build | House |
| 27:48 | Build | House |
| 27:48 | Build | House |
| 27:48 | Build | House |
| 27:49 | Create | Villager (Male) |
| 27:52 | Create | Villager (Male) |
| 27:52 | Create | Villager (Male) |
| 27:53 | Create | Villager (Male) |
| 27:55 | Build | House |
| 27:56 | Build | House |
| 27:56 | Build | House |
| 27:56 | Build | House |
| 27:56 | Build | House |
| 28:01 | Build | Town Center |
| 28:04 | Create | Villager (Male) |
| 28:05 | Create | Villager (Male) |
| 28:09 | Build | Siege Workshop |
| 28:11 | Create | Villager (Male) |
| 28:11 | Create | Villager (Male) |
| 28:25 | Create | Villager (Male) |
| 28:25 | Create | Villager (Male) |
Build order — ShawnM
133 actions detected in the replay
| 0:20 | Build | Town Center |
| 0:40 | Build | Dock |
| 0:42 | Build | House |
| 0:44 | Build | Palisade Wall |
| 2:36 | Research | Loom |
| 2:37 | Create | Villager (Male) |
| 3:14 | Create | Villager (Male) |
| 3:26 | Create | Villager (Male) |
| 3:33 | Create | Fishing Ship |
| 4:01 | Create | Villager (Male) |
| 4:20 | Build | House |
| 4:39 | Create | Villager (Male) |
| 5:05 | Create | Villager (Male) |
| 5:20 | Create | Fishing Ship |
| 5:35 | Create | Villager (Male) |
| 5:57 | Build | House |
| 6:02 | Create | Villager (Male) |
| 6:10 | Create | Fishing Ship |
| 6:36 | Create | Villager (Male) |
| 6:38 | Create | Villager (Male) |
| 6:55 | Create | Fishing Ship |
| 7:15 | Build | House |
| 7:21 | Create | Villager (Male) |
| 7:24 | Create | Villager (Male) |
| 7:48 | Create | Fishing Ship |
| 8:04 | Create | Villager (Male) |
| 8:36 | Create | Fishing Ship |
| 8:37 | Create | Villager (Male) |
| 8:41 | Build | House |
| 9:07 | Create | Villager (Male) |
| 9:14 | Build | House |
| 9:23 | Create | Villager (Male) |
| 9:30 | Build | Mill |
| 9:34 | Create | Villager (Male) |
| 10:00 | Create | Villager (Male) |
| 10:13 | Build | Lumber Camp |
| 10:57 | Create | Villager (Male) |
| 11:14 | Research | Feudal Age |
| 11:41 | Build | Mining Camp |
| 12:09 | Build | Mining Camp |
| 13:32 | Age | Feudal Age |
| 13:35 | Build | Market |
| 13:39 | Build | Blacksmith |
| 13:40 | Create | Villager (Male) |
| 13:41 | Create | Villager (Male) |
| 13:44 | Research | Town Watch |
| 14:07 | Build | Mining Camp |
| 14:28 | Research | Castle Age |
| 15:16 | Research | Double-Bit Axe |
| 15:20 | Research | Horse Collar |
| 15:26 | Build | Farm |
| 15:27 | Build | Farm |
| 17:10 | Age | Castle Age |
| 17:14 | Create | Villager (Male) |
| 17:14 | Create | Villager (Male) |
| 17:35 | Build | Castle |
| 17:43 | Create | Villager (Male) |
| 18:00 | Research | Fletching |
| 18:08 | Create | Villager (Male) |
| 18:17 | Build | House |
| 18:17 | Build | House |
| 18:45 | Research | Bodkin Arrow |
| 18:47 | Create | Villager (Male) |
| 18:56 | Create | Plumed Archer |
| 18:56 | Create | Plumed Archer |
| 19:23 | Create | Villager (Male) |
| 19:24 | Create | Villager (Male) |
| 19:38 | Create | Plumed Archer |
| 19:49 | Build | Farm |
| 19:51 | Build | Farm |
| 19:53 | Build | Farm |
| 20:01 | Create | Plumed Archer |
| 20:10 | Build | Farm |
| 20:15 | Create | Villager (Male) |
| 20:15 | Create | Villager (Male) |
| 20:23 | Create | Plumed Archer |
| 20:27 | Create | Villager (Male) |
| 20:42 | Create | Plumed Archer |
| 20:44 | Create | Villager (Male) |
| 20:54 | Build | Farm |
| 20:56 | Build | Farm |
| 21:02 | Research | Padded Archer Armor |
| 21:08 | Create | Plumed Archer |
| 21:20 | Build | Farm |
| 21:20 | Create | Villager (Male) |
| 22:03 | Build | Siege Workshop |
| 22:06 | Create | Plumed Archer |
| 22:07 | Create | Plumed Archer |
| 22:31 | Create | Plumed Archer |
| 22:39 | Create | Villager (Male) |
| 22:40 | Create | Villager (Male) |
| 22:40 | Create | Villager (Male) |
| 22:41 | Create | Plumed Archer |
| 22:42 | Create | Plumed Archer |
| 23:09 | Create | Mangonel |
| 23:26 | Create | Villager (Male) |
| 23:26 | Create | Villager (Male) |
| 23:29 | Research | Bow Saw |
| 24:10 | Create | Battering Ram |
| 24:27 | Create | Battering Ram |
| 24:41 | Create | Mangonel |
| 24:42 | Create | Villager (Male) |
| 24:43 | Create | Villager (Male) |
| 25:08 | Create | Villager (Male) |
| 25:08 | Create | Villager (Male) |
| 25:09 | Create | Plumed Archer |
| 25:09 | Create | Plumed Archer |
| 25:41 | Create | Villager (Male) |
| 26:01 | Create | Mangonel |
| 26:36 | Create | Villager (Male) |
| 26:36 | Create | Villager (Male) |
| 26:38 | Create | Plumed Archer |
| 26:38 | Create | Plumed Archer |
| 27:18 | Create | Villager (Male) |
| 27:18 | Create | Villager (Male) |
| 27:21 | Create | Mangonel |
| 27:23 | Create | Plumed Archer |
| 27:25 | Create | Villager (Male) |
| 27:25 | Create | Villager (Male) |
| 27:27 | Build | Lumber Camp |
| 27:33 | Build | Lumber Camp |
| 27:35 | Create | Villager (Male) |
| 27:35 | Create | Villager (Male) |
| 27:43 | Create | Plumed Archer |
| 27:46 | Research | Gold Mining |
| 27:48 | Create | Villager (Male) |
| 27:48 | Create | Villager (Male) |
| 28:06 | Create | Villager (Male) |
| 28:28 | Create | Villager (Male) |
| 28:36 | Create | Mangonel |
| 29:16 | Create | Villager (Male) |
| 29:16 | Create | Villager (Male) |
| 29:16 | Create | Villager (Male) |
Match timeline
| 0:19 | TdB. OJETE EL BONDADOSO · first_building Dock |
| 0:40 | ShawnM · first_building Dock |
| 0:44 | ShawnM · wall_segment Palisade Wall x1 |
| 1:18 | TdB. OJETE EL BONDADOSO · wall_segment Palisade Wall x1 |
| 13:19 | TdB. OJETE EL BONDADOSO · age_up feudal |
| 13:32 | ShawnM · age_up feudal |
| 14:35 | TdB. OJETE EL BONDADOSO · first_market_sell 100 food |
| 16:43 | TdB. OJETE EL BONDADOSO · wall_segment Palisade Wall x1 |
| 16:45 | TdB. OJETE EL BONDADOSO · wall_segment Palisade Wall x1 |
| 16:50 | TdB. OJETE EL BONDADOSO · wall_segment Palisade Wall x1 |
| 17:08 | ShawnM · first_market_sell 100 wood |
| 17:09 | ShawnM · first_market_buy 100 stone |
| 17:10 | ShawnM · age_up castle |
| 17:15 | TdB. OJETE EL BONDADOSO · age_up castle |
| 17:35 | ShawnM · first_building Castle |
| 22:03 | ShawnM · first_building Siege Workshop |
| 22:42 | TdB. OJETE EL BONDADOSO · first_building Siege Workshop |
| 30:02 | ShawnM · resign |
[ AI ANALYSIS · 1 CREDIT ]
What really happened in this match?
Wolo.gg analyzes every decision: build order, eco, micro, common mistakes by bracket. Personalized analysis on WhatsApp or Discord in 30 seconds.
Civ guide
Bengalis
Perfil
TdB. OJETE EL BONDADOSO